 Dungeon Crawl Stone Soup version 0.20.1-1-g8b1a95d (webtiles) character file.

21440 ANON1729 the Arsonist (level 12, -6/66 HPs)
             Began as an Octopode Fire Elementalist on Aug 22, 2017.
             Was a High Priest of Sif Muna.
             Killed by the air
             ... invoked by xhc's ghost
              (30 damage)
             ... on level 12 of the Dungeon.
             The game lasted 01:11:55 (19086 turns).

ANON1729 the Arsonist (Octopode Fire Elementalist) Turns: 19086, Time: 01:11:55

Health: -6/66      AC:  3    Str:  7    XL:     12   Next: 90%
Magic:  27/27      EV: 13    Int: 23    God:    Sif Muna [*****.]
Gold:   526        SH:  0    Dex: 12    Spells: 20/33 levels left

rFire    . . .     SeeInvis .   e - +1 whip (elec)
rCold    + . .     Gourm    +   (no shield)
rNeg     . . .     Faith    .   h - +2 hat
rPois    +         Spirit   .   H - amulet of the gourmand
rElec    .         Reflect  .   p - ring of poison resistance
rCorr    .         Harm     .   (no ring)
MR       .....                  B - ring of protection from cold
Stlth    +++.......             (no ring)
Regen    0.3/turn               (no ring)
MPRegen  0.2/turn               (no ring)
                                (no ring)
                                (no ring)

@: very slightly contaminated, divine energy
A: almost no armour, stealthy swim, amphibious, 8 rings, constrict 8, camouflage
1, gelatinous body 1
a: Stop Divine Energy, Channel Magic, Forget Spell, Renounce Religion


You were on level 12 of the Dungeon.
You worshipped Sif Muna.
Sif Muna was extremely pleased with you.
You were very full.

You visited 3 branches of the dungeon, and saw 15 of its levels.
You also visited: Labyrinth.

You collected 598 gold pieces.
You spent 72 gold pieces at shops.

Inventory:

Hand Weapons
 e - a +1 whip of electrocution (weapon)
Armour
 h - a +2 hat (worn)
Jewellery
 p - a ring of poison resistance (left tentacle)
 B - a ring of protection from cold (on tentacle)
 H - an amulet of the gourmand (around mantle)
 R - an uncursed ring of ice
 S - an uncursed amulet of regeneration {unknown}
Wands
 q - a wand of polymorph (8/24)
 r - a wand of lightning (6/15)
 x - a wand of disintegration (12/24)
 A - a wand of confusion (27/48)
 F - a wand of digging (6/24)
 J - a wand of polymorph (18/24)
 K - a wand of disintegration (13/24)
 N - a wand of paralysis (15/24)
 T - a wand of polymorph (12/24)
 U - a wand of confusion (33/48)
Scrolls
 i - 5 scrolls of amnesia
 j - 4 scrolls of recharging
 m - 2 scrolls of enchant armour
 n - 2 scrolls of fear
 o - 2 scrolls of magic mapping
 s - 5 scrolls of remove curse
 t - a scroll of torment {unknown}
 w - 2 scrolls of immolation
 I - a scroll of fog {unknown}
 O - a scroll of identify
Potions
 d - 3 potions of curing
 u - 3 potions of agility
 v - 4 potions of lignification
 z - a potion of berserk rage
 C - a potion of brilliance {unknown}
 D - 3 potions of mutation
 G - 2 potions of degeneration {unknown}
Books
 a - a book of Flames

   Spells                             Type                      Level
   a - Flame Tongue                   Conjuration/Fire             1
   b - Throw Flame                    Conjuration/Fire             2
   c - Conjure Flame                  Conjuration/Fire             3
   d - Inner Flame                    Hexes/Fire                   3
   e - Sticky Flame                   Conjuration/Fire             4
   f - Fireball                       Conjuration/Fire             5
 k - Sif Muna's Disquisition on Unstable Darkness
   (Sif Muna gifted it to you on level 9 of the Dungeon)

   Spells                             Type                      Level
   a - Bolt of Draining               Conjuration/Necromancy       5
   b - Blade Hands                    Transmutation                5
   c - Death Channel                  Necromancy                   6
   d - Haunt                          Necromancy/Summoning         7
 E - a book of Power

   Spells                             Type                      Level
   a - Iskenderun's Battlesphere      Conjuration/Charms           5
   b - Venom Bolt                     Conjuration/Poison           5
   c - Bolt of Magma                  Conjuration/Fire/Earth       5
   d - Iron Shot                      Conjuration/Earth            6
   e - Orb of Destruction             Conjuration                  7
   f - Spellforged Servitor           Conjuration/Summoning        7
 L - a book of Changes

   Spells                             Type                      Level
   a - Beastly Appendage              Transmutation                1
   b - Sticks to Snakes               Transmutation                2
   c - Spider Form                    Transmutation/Poison         3
   d - Ice Form                       Ice/Transmutation            4
   e - Blade Hands                    Transmutation                5
 P - Sif Muna's Incunabulum of Conjuration
   (Sif Muna gifted it to you on level 11 of the Dungeon)

   Spells                             Type                      Level
   a - Magic Dart                     Conjuration                  1
   b - Throw Flame                    Conjuration/Fire             2
   c - Irradiate                      Conjuration/Transmutation    5
   d - Bolt of Fire                   Conjuration/Fire             6
 Q - a book of Air

   Spells                             Type                      Level
   a - Shock                          Conjuration/Air              1
   b - Swiftness                      Charms/Air                   2
   c - Static Discharge               Conjuration/Air              3
   d - Airstrike                      Air                          4
   e - Lightning Bolt                 Conjuration/Air              5
Comestibles
 b - 8 bread rations
 f - 6 royal jellies
 g - 9 meat rations
 M - 9 fruits


   Skills:
 - Level 2.0 Dodging
 - Level 2.6 Stealth
 + Level 11.1 Spellcasting
 + Level 12.2 Conjurations
 + Level 12.5 Fire Magic


You had 20 spell levels left.
You knew the following spells:

 Your Spells              Type           Power        Failure   Level  Hunger
a - Flame Tongue          Conj/Fire      #####        1%          1    None
b - Conjure Flame         Conj/Fire      ######..     1%          3    None
c - Sticky Flame          Conj/Fire      ######..     1%          4    None
d - Fireball              Conj/Fire      ######....   1%          5    ####...


Dungeon Overview and Level Annotations

Branches:
Dungeon (13/15)            Temple (1/1) D:4            Lair (1/6) D:10
    Orc (0/2) D:9
 Vaults: D:13-14

Altars:
Ashenzari
Cheibriados
Dithmenos
Elyvilon
Fedhas
Gozag
Hepliaklqana
Kikubaaqudgha
Nemelex Xobeh
Okawaru
Qazlal
Ru
Sif Muna
Trog
Uskayaw
Vehumet
Xom
Yredelemnul
Zin
Beogh

Shops:
D:4 *:   D:7 [

Portals:
Bailey: D:12

Annotations:
D:9 exclusion: ugly thing
D:12 xhc's ghost, journeyman GrEE
Lair:1 Glitchraptor's ghost, journeyman MiCK


Innate Abilities, Weirdness & Mutations

You cannot wear most types of armour.
You are very stealthy in the water. (Stealth+)
You are amphibious.
You can wear up to eight rings at the same time.
You can use your tentacles to constrict eight enemies at once.
Your skin changes colour to match your surroundings (Stealth+).
Your rubbery body absorbs attacks. (AC +1, EV +1)


Message History

There is a stone staircase leading down here.
Evoke which item? (* to show all) (? for menu, Esc to quit)
Okay, then.
Xhc's ghost waves its arms in wide circles.
The air twists around and strikes you!
Xhc's ghost shouts, "You must not succeed where I failed!"
There is a stone staircase leading down here.
You climb downwards.
A centaur warrior and a crimson imp come into view.
Found a potion of resistance, a trident and a rapier.
There is a stone staircase leading up here.
Okay, then.
You climb upwards.
You hear the roar of battle.
There is an entrance to a bailey on this level.
Hurry and find it before the portal closes forever!
Level annotation: xhc's ghost, journeyman GrEE
There is a stone staircase leading down here.
Xhc's ghost waves its arms in wide circles.
The air twists around and strikes you!
You die...

,,,#,*#..#,,,#........<....#
*###.*#..#,,,#.............#
,....##..#####.....#######.#
***#........)......# #.######
,,,#...............# #.......
,*,#...............# #.##.##.
,*,#...∩#####......# #.......
,*,#.####,,,#......#######.≈≈≈≈§≈
**,#,,,,,,,,+.>.@....W.....≈#####
,,,*,,,,,,,,#......>.......≈#...#
**,*,,,,,,,,#...#########..≈#.W.)
,*,*,,,,,,,,#...#,,,,,,,+..≈#...#
,*,*,*******#...#,,,,,,,+..≈#####
,*,*,,,,,,,..../#,,,,,,,#..≈≈≈≈≈≈
,,,*,,,,,,......#*******#........
****,,,,,,......,,,,,,,,...######
,,,,,,,,,,,,,,,,,,,,,,,,,,,,,,,,,


You could see xhc's ghost.

Vanquished Creatures
  A minotaur (Lab)
  Fannar (D:11)
  A hydra (D:11)
  6 two-headed ogres
  Erica (D:10)
  A queen ant (D:8)
  The ghost of destino the Transmogrifier, a novice MfTm of Okawaru (D:9)
  Nergalle (D:10)
  A hornet (D:11)
  4 hippogriffs
  Sigmund (D:3)
  A wraith (D:10)
  A wyvern (D:9)
  17 yaks
  Menkaure (D:5)
  An acid dragon (D:11)
  3 wargs (D:10)
  2 water moccasins
  14 soldier ants (D:8)
  A hornet zombie (D:8)
  An eye of draining (D:8)
  3 ice beasts
  3 orc warriors
  2 sky beasts
  A necrophage (D:7)
  8 ogres
  3 phantoms
  5 centaurs
  Blork the orc (D:6)
  2 big kobolds
  8 bullfrogs
  A wyvern zombie (D:9)
  3 scorpions
  A wyvern skeleton (D:10)
  6 killer bees (D:11)
  4 wights (D:11)
  6 howler monkeys
  7 crimson imps
  2 centaur zombies
  7 jellies
  2 quasits
  3 bullfrog zombies
  5 hounds
  3 centaur skeletons
  12 orc priests
  11 orc wizards
  Terence (D:3)
  Jessica (D:3)
  38 worker ants
  A killer bee zombie (D:6)
  A hound skeleton (D:8)
  3 worker ant zombies
  6 gnolls
  18 adders
  An ooze (D:4)
  An adder skeleton (D:8)
  2 adder zombies
  A worm (D:3)
  A dart slug (D:2)
  6 leopard geckos
  52 orcs
  2 ball pythons (D:2)
  4 giant cockroaches
  5 goblins
  3 hobgoblins
  4 iguanas
  10 jackals
  4 kobolds
  5 quokkas
  6 bats
  6 frilled lizards
  A jackal skeleton (D:4)
  2 leopard gecko skeletons
  6 rats
361 creatures vanquished.

Notes
Turn   | Place    | Note
-------+----------+-------------------------------------------
     0 | D:1      | ANON1729 the Octopode Fire Elementalist began the quest for the Orb.
     0 | D:1      | Reached XP level 1. HP: 11/11 MP: 3/3
    12 | D:1      | Noticed an electric eel
   326 | D:1      | Reached XP level 2. HP: 17/17 MP: 5/5
   876 | D:2      | Found a sacrificial altar of Ru.
  1020 | D:2      | Reached XP level 3. HP: 19/21 MP: 6/6
  1417 | D:2      | Reached XP level 4. HP: 22/27 MP: 1/8
  1845 | D:3      | Reached XP level 5. HP: 20/31 MP: 6/9
  2003 | D:3      | Noticed Jessica
  2013 | D:3      | Killed Jessica
  2372 | D:3      | Found a glowing silver altar of Zin.
  2601 | D:3      | Reached XP level 6. HP: 29/36 MP: 3/11
  2762 | D:3      | Noticed Terence
  2778 | D:3      | Learned a level 3 spell: Conjure Flame
  2789 | D:3      | Killed Terence
  3015 | D:3      | Found an opulent altar of Gozag.
  3265 | D:3      | Noticed Sigmund
  3290 | D:3      | Learned a level 4 spell: Sticky Flame
  3352 | D:3      | Killed Sigmund
  3352 | D:3      | Reached skill level 5 in Fire Magic
  3352 | D:3      | Reached XP level 7. HP: 34/41 MP: 3/13
  3595 | D:4      | Found Pirchireh's Book Shoppe.
  3691 | D:4      | Found a staircase to the Ecumenical Temple.
  3703 | Temple   | Entered the Ecumenical Temple
  3731 | D:4      | Found a roughly hewn altar of Beogh.
  4198 | Temple   | Became a worshipper of Sif Muna the Loreminder
  4415 | D:4      | Found Qesetaq's General Store.
  4419 | D:4      | Bought a scroll of remove curse for 36 gold pieces
  4419 | D:4      | Bought a potion of lignification for 36 gold pieces
  4825 | D:5      | Entered Level 5 of the Dungeon
  5037 | D:5      | Reached skill level 5 in Conjurations
  5172 | D:5      | Reached XP level 8. HP: 22/46 MP: 3/15
  5357 | D:5      | Found a shimmering altar of Xom.
  5419 | D:5      | Reached skill level 5 in Spellcasting
  5665 | D:5      | Found a hazy altar of Hepliaklqana.
  5804 | D:5      | Noticed Menkaure
  5812 | D:5      | Killed Menkaure
  5812 | D:5      | Reached * piety under Sif Muna
  6153 | D:6      | Noticed Blork the orc
  6401 | D:6      | Killed Blork the orc
  6845 | D:6      | Found a blossoming altar of Fedhas.
  6953 | D:6      | Found a bloodstained altar of Trog.
  6976 | D:6      | Found a shattered altar of Ashenzari.
  7019 | D:6      | Found a stormy altar of Qazlal.
  7129 | D:6      | Reached XP level 9. HP: 25/51 MP: 15/18
  7454 | D:7      | Found a stormy altar of Qazlal.
  7730 | D:7      | Reached ** piety under Sif Muna
  7911 | D:7      | Learned a level 5 spell: Fireball
  8261 | D:7      | Found Jemmor Azizu's Antique Armour Shoppe.
  8504 | D:7      | Found a shattered altar of Ashenzari.
  8973 | D:8      | Found an iron altar of Okawaru.
  9534 | D:8      | Reached *** piety under Sif Muna
  9547 | D:8      | Reached XP level 10. HP: 56/56 MP: 9/21
 10320 | D:8      | Noticed a queen ant
 10671 | D:8      | Found a sparkling altar of Nemelex Xobeh.
 10840 | D:8      | Reached **** piety under Sif Muna
 11583 | D:8      | Killed a queen ant
 11947 | D:8      | Reached skill level 10 in Fire Magic
 11947 | D:8      | Reached XP level 11. HP: 43/61 MP: 18/23
 12056 | D:8      | Noticed a two-headed ogre
 12068 | D:8      | Killed a two-headed ogre
 12068 | D:8      | Reached ***** piety under Sif Muna
 12068 | D:8      | Reached skill level 10 in Conjurations
 12245 | D:9      | Noticed destino's ghost (novice MfTm)
 12321 | D:9      | Noticed a two-headed ogre
 12342 | D:9      | Killed a two-headed ogre
 12342 | D:9      | Identified Sif Muna's Disquisition on Unstable Darkness (Sif Muna gifted it to you on level 9 of the Dungeon)
 12342 | D:9      | Received a gift from Sif Muna
 12739 | D:9      | Killed destino's ghost
 14072 | D:9      | Noticed a cyan ugly thing
 14874 | D:9      | Found a staircase to the Orcish Mines.
 14993 | D:10     | Entered Level 10 of the Dungeon
 15322 | D:10     | Received a gift from Sif Muna
 15581 | D:10     | Noticed Erica
 15632 | D:10     | Killed Erica
 15632 | D:10     | Reached skill level 10 in Spellcasting
 15632 | D:10     | Reached XP level 12. HP: 47/66 MP: 1/26
 16222 | D:10     | Found a staircase to the Lair.
 16560 | Lair:1   | Entered Level 1 of the Lair of Beasts
 16560 | Lair:1   | Noticed Glitchraptor's ghost (journeyman MiCK)
 16637 | D:11     | Noticed a two-headed ogre
 16646 | D:11     | Killed a two-headed ogre
 17176 | D:11     | Noticed a seven-headed hydra
 17201 | D:11     | Killed a seven-headed hydra
 17335 | D:11     | Noticed a two-headed ogre
 17346 | D:11     | Killed a two-headed ogre
 17354 | D:11     | Noticed a two-headed ogre
 17362 | D:11     | Killed a two-headed ogre
 17363 | D:11     | Noticed Fannar
 17612 | D:10     | Noticed Nergalle
 17617 | D:10     | Killed Nergalle
 17770 | D:11     | Identified Sif Muna's Incunabulum of Conjuration (Sif Muna gifted it to you on level 11 of the Dungeon)
 17770 | D:11     | Received a gift from Sif Muna
 18024 | D:11     | Killed Fannar
 18465 | D:12     | Noticed a two-headed ogre
 18466 | D:12     | Found a labyrinth entrance.
 18474 | D:12     | Killed a two-headed ogre
 18520 | Lab      | Entered a labyrinth
 18872 | Lab      | Noticed a minotaur
 18881 | Lab      | Killed a minotaur
 19024 | D:12     | Noticed xhc's ghost (journeyman GrEE)
 19050 | D:12     | Found a flagged portal.
 19081 | D:13     | Noticed a centaur warrior
 19086 | D:12     | Killed from afar by xhc's ghost

Skill      XL: |  1  2  3  4  5  6  7  8  9 10 11 12 |
---------------+-------------------------------------+-----
Conjurations   | 2 3 4 5 6 8 9 11 12 | 12.2
Fire Magic     | 4 5 7 8 10 11 12 | 12.5
Spellcasting   | 3 4 6 7 8 10 11 | 11.1
Dodging        | |  2.0
Stealth        | |  2.6

Action                   |  1- 3 |  4- 6 |  7- 9 | 10-12 || total
-------------------------+-------+-------+-------+-------++-------
Melee: Whip              |    33 |    55 |    95 |   157 ||   340
       Unarmed           |     7 |       |       |       ||     7
       Constrict         |     8 |    15 |    20 |    38 ||    81
       Tentacles         |     4 |    11 |    14 |    22 ||    51
 Cast: Flame Tongue      |     6 |    39 |   146 |   210 ||   401
       Conjure Flame     |       |     2 |    19 |    39 ||    60
       Sticky Flame      |       |     1 |    18 |    64 ||    83
       Fireball          |       |       |     2 |    68 ||    70
Invok: Divine Energy     |       |       |     1 |       ||     1
       Channel Magic     |       |       |     1 |     2 ||     3
Evoke: Wand              |       |       |       |     8 ||     8
  Use: Scroll            |       |       |    14 |     7 ||    21
       Potion            |       |       |       |     5 ||     5
 Stab: Sleeping          |     1 |     6 |     4 |     2 ||    13
  Eat: Chunk             |     1 |     6 |    35 |    44 ||    86
Armor: Skin              |     9 |    14 |    17 |    26 ||    66
Dodge: Dodged            |    21 |    53 |    87 |   142 ||   303
